 Dungeon Crawl Stone Soup version 0.26-a0-708-g17f3b190f9 (webtiles) character file.

Game seed: 14489421661863291391

228 Kinoniko the Sneak (level 6, -13/55 HPs)
             Began as a Naga Hunter on Oct 28, 2020.
             Mangled by an ogre
             ... wielding a +0 giant spiked club
              (29 damage)
             ... on level 4 of the Dungeon.
             The game lasted 00:05:25 (2782 turns).

Kinoniko the Sneak (Naga Hunter)                    Turns: 2782, Time: 00:05:26

Health: -13/55     AC:  8    Str: 15    XL:     6   Next: 2%
Magic:  6/6        EV:  9    Int: 12    God:
Gold:   118        SH:  0    Dex: 12    Spells: 5/5 levels left

rFire    . . .     SeeInvis +   q - +0 spear
rCold    . . .     Faith    .   (no shield)
rNeg     . . .     Spirit   .   c - +0 leather armour
rPois    +         Reflect  .   (no helmet)
rElec    .         Harm     .   g - +0 cloak
rCorr    .         Rampage  .   (no gloves)
MR       .....                  (no barding)
Stlth    +++.......             (no amulet)
HPRegen  0.18/turn              o - +4 ring of protection
MPRegen  0.10/turn              (no ring)

@: brilliant, flying, very slow
A: large, see invisible, deformed body, poison resistance, slowness 2, spit
poison 1, AC +2
a: Spit Poison


You were on level 4 of the Dungeon.
You visited 1 branch of the dungeon, and saw 4 of its levels.

You collected 118 gold pieces.

Inventory:

Hand Weapons
 a - a +1 hand crossbow
 b - a +0 short sword
 m - a +0 halberd
 q - a +0 spear (weapon)
Missiles
 d - 13 bolts
Armour
 c - a +0 leather armour (worn)
 g - a +0 cloak (worn)
Jewellery
 o - a +4 ring of protection (left hand)
Scrolls
 e - 6 scrolls of teleportation {unknown}
 f - 7 scrolls of identify {unknown}
 i - 2 scrolls of blinking {unknown}
 j - 4 scrolls of fog {unknown}
 l - a scroll of random uselessness {unknown}
 n - a scroll of fear {unknown}
 p - 3 scrolls of remove curse {unknown}
 t - a scroll of noise {unknown}


   Skills:
 - Level 2.6 Fighting
 * Level 2.6 Polearms
 + Level 4.5 Crossbows
 - Level 1.8 Dodging
 * Level 5.2 Stealth


You had 5 spell levels left.
You didn't know any spells.
Your spell library was empty.

Dungeon Overview and Level Annotations

Branches:
Dungeon (4/15)
 Temple: D:4-7

Altars:
Kikubaaqudgha
Okawaru


Innate Abilities, Weirdness & Mutations

You cannot wear boots.
Your serpentine skin is tough. (AC +2)
You have supernaturally acute eyesight. (SInv)
Armour fits poorly on your strangely shaped body.
Your system is resistant to poisons. (rPois)
You cover ground very slowly.
You can spit poison.


Message History

The hound bites you but does no damage. x2
You hit the hound.
You kill the hound!
Your Stealth skill increases to level 5!
You have reached level 6!
Your experience leads to an increase in your attributes!
Increase (S)trength, (I)ntelligence, or (D)exterity?
You feel stronger.
Your skin feels tougher.
You completely miss the ogre.
The ogre is heavily wounded.
The ogre closely misses you.
You hit the ogre.
The ogre is severely wounded.
The ogre hits you with a +0 giant spiked club!
* * * LOW HITPOINT WARNING * * *
You barely miss the ogre.
The ogre is severely wounded.
The ogre hits you with a +0 giant spiked club!!
Ouch! That really hurt!
You die...

#.......###'########
#.......#......#
#.......#......#
#.......#......+
#.......#....### #
#.......#....###+###.##.
#########.............).
.# +............... .#
########@###### ##
...###O######.. #
......oBF....... .#
..$....l....?<.. .#
................ ##
###+...###.##... ....#
.. ## ...#. .#. ....$
#..


You could see an ogre, a bullfrog, an iguana, an orc and a giant cockroach.

Vanquished Creatures
  A hound (D:4)
  An orc wizard (D:4)
  4 gnolls
  4 adders
  2 oozes (D:3)
  3 dart slugs (D:1)
  6 leopard geckos
  9 orcs
  6 bats
  6 giant cockroaches
  5 goblins
  3 hobgoblins
  4 jackals (D:2)
  3 quokkas (D:2)
  2 ball pythons (D:1)
  2 frilled lizards
  8 kobolds
  4 rats
73 creatures vanquished.

Notes
Turn   | Place    | Note
-------+----------+-------------------------------------------
     0 | D:1      | Kinoniko the Naga Hunter began the quest for the Orb.
     0 | D:1      | Reached XP level 1. HP: 19/19 MP: 1/1
   165 | D:1      | Reached XP level 2. HP: 26/26 MP: 2/2
   319 | D:1      | Reached skill level 2 in Stealth
   814 | D:1      | Reached XP level 3. HP: 33/33 MP: 3/3
  1335 | D:2      | Reached skill level 3 in Stealth
  1336 | D:2      | Found an ancient bone altar of Kikubaaqudgha.
  1353 | D:2      | Found an iron altar of Okawaru.
  1514 | D:2      | Reached XP level 4. HP: 40/40 MP: 4/4
  1515 | D:2      | Reached skill level 1 in Polearms
  1930 | D:2      | Reached skill level 4 in Stealth
  2010 | D:3      | Reached XP level 5. HP: 46/46 MP: 5/5
  2748 | D:4      | Noticed an ogre
  2779 | D:4      | Reached skill level 5 in Stealth
  2779 | D:4      | Reached XP level 6. HP: 24/55 MP: 6/6
  2782 | D:4      | Mangled by an ogre

Illustrated notes

Levels and vault maps discovered:
D:1:      lightli_arrival_maybe_door_vault, layout_basic
D:2:      layout_basic, kiku_gazebo_pond_becter, okawaru_gym_becter
D:3:      layout_basic
D:4:      layout_gridville, minmay_bent

Skill      XL: |  1  2  3  4  5 |
---------------+----------------+-----
Stealth        | 2 3 4 5 |  5.2
Crossbows      | 4 |  4.5
Polearms       | 1 2 |  2.6
Fighting       | |  2.6
Dodging        | |  1.8

Action                   |  1- 3 |  4- 6 || total
-------------------------+-------+-------++-------
Melee: Spear             |       |   110 ||   110
       Halberd           |       |    27 ||    27
 Fire: Hand crossbow     |    61 |    69 ||   130
 Abil: Spit Poison       |       |     1 ||     1
  Use: Potion            |       |     5 ||     5
 Stab: Sleeping          |       |     3 ||     3
Armor: Leather armour    |     4 |    90 ||    94
Dodge: Dodged            |     3 |   110 ||   113

Table legend: (Time is in decaauts)
 A = Elapsed time spent in this place.
 B = Non-inter-level travel time spent in this place.
 C = Inter-level travel time spent in this place.
 D = Time resting spent in this place.
 E = Time spent auto-exploring this place.
 F = Levels seen in this place.
 G = Mean time per level.
                   A        B        C        D        E       F      G
               +--------+--------+--------+--------+--------+-----+--------+
         Total |   3597 |   3452 |    145 |     57 |   2785 |   4 |  899.2 |
       Dungeon |   3597 |   3452 |    145 |     57 |   2785 |   4 |  899.2 |
               +--------+--------+--------+--------+--------+-----+--------+

Top non-repeatable levels by time:
     D:1: 1532 daAuts
     D:2: 1040 daAuts
     D:3: 671 daAuts
     D:4: 353 daAuts
